TOP OF THE 1ST |
Hammond Herons batting - Pitching for Athletic Club KC U-21 : RHP Tetsunori Ikarashi
|
Pitching: RHP Tetsunori Ikarashi
|
|
Batting: RHB Dallas Jiménez
|
0-0: Called Strike 0-1: Ball 1-1: Ball 2-1: Called Strike 2-2: Ground out U3 (Groundball, 3L)
|
Batting: RHB Marvin Overbeek
|
0-0: Called Strike 0-1: Ball 1-1: Called Strike 1-2: Ball 2-2: SINGLE (Flyball, 7LS)
|
Batting: RHB José Álvarez
|
0-0: Swinging Strike 0-1: Ball 1-1: Fielders Choice at 2nd, 6-4 (Groundball, 6M)
|
Batting: RHB Tonito Lamoste
|
0-0: Ball 1-0: Ball 2-0: Called Strike 2-1: Ball 3-1: SINGLE (Groundball, 6) (infield hit) José Álvarez to second
|
Batting: RHB Ju-wei Huang
|
0-0: Ball 1-0: Ball 2-0: Swinging Strike 2-1: DOUBLE (Line Drive, 8LD) José Álvarez scores Tonito Lamoste to third
|
Batting: RHB Rob Brooks
|
0-0: Ball 1-0: Foul Ball, location: 2F 1-1: Ball 2-1: DOUBLE (Line Drive, 9LS) Tonito Lamoste scores Ju-wei Huang scores
|
Batting: RHB Jen-ta Men
|
0-0: Foul Ball, location: 2F 0-1: Ball 1-1: Ground out 5-3 (Groundball, 56)
|
Top of the 1st over - 3 runs, 4 hits, 0 errors, 1 left on base; Hammond 3 - Athletic Club KC 0 |
BOTTOM OF THE 1ST |
Athletic Club KC U-21 batting - Pitching for Hammond Herons : LHP Tom Hegedus
|
Pitching: LHP Tom Hegedus
|
|
Batting: RHB Mario Truxillo
|
0-0: Ball 1-0: Called Strike 1-1: Ground out 6-3 (Groundball, 6D)
|
Batting: RHB Jon Hall
|
0-0: Foul Ball, location: 2F 0-1: Ball 1-1: Ground out 6-3 (Groundball, 6)
|
Batting: RHB José Hernández
|
0-0: Ball 1-0: Foul Ball, location: 2F 1-1: Foul Ball, location: 2F 1-2: Foul Ball, location: 2F 1-2: Foul Ball, location: 2F 1-2: Ball 2-2: Foul Ball, location: 2F 2-2: Ball 3-2: TRIPLE (Flyball, 8RXD)
|
Batting: RHB Jihan Tuah
|
0-0: Ball 1-0: Ball 2-0: SINGLE (Groundball, 56D) José Hernández scores
|
Batting: RHB Bobby McFillin
|
0-0: Ball 1-0: Called Strike 1-1: Swinging Strike 1-2: Ball 2-2: DOUBLE (Line Drive, 89D) Jihan Tuah to third Runner from 3rd tries for Home, SAFE, no throw
|
Batting: RHB Gabriel Camparán
|
0-0: Called Strike 0-1: SINGLE (Line Drive, 4MD) Bobby McFillin to third Runner from 3rd tries for Home, throw and OUT!
|
Bottom of the 1st over - 2 runs, 4 hits, 0 errors, 1 left on base; Hammond 3 - Athletic Club KC 2 |
TOP OF THE 2ND |
Hammond Herons batting - Pitching for Athletic Club KC U-21 : RHP Tetsunori Ikarashi
|
Batting: RHB José Pacheco
|
0-0: Called Strike 0-1: Called Strike 0-2: Ball 1-2: Strikes out swinging, 2-3 out at first.
|
Batting: RHB Sun Kwan
|
0-0: Ball 1-0: Called Strike 1-1: Swinging Strike 1-2: Strikes out swinging
|
Batting: RHB Dallas Jiménez
|
0-0: Called Strike 0-1: Foul Ball, location: 2F 0-2: Ball 1-2: Strikes out swinging
|
Top of the 2nd over - 0 runs, 0 hits, 0 errors, 0 left on base; Hammond 3 - Athletic Club KC 2 |
BOTTOM OF THE 2ND |
Athletic Club KC U-21 batting - Pitching for Hammond Herons : LHP Tom Hegedus
|
Batting: RHB Andy Roarick
|
0-0: Called Strike 0-1: Ball 1-1: Ball 2-1: SINGLE (Groundball, 6MS) (infield hit)
|
Batting: RHB José Torres
|
0-0: Called Strike 0-1: Ball 1-1: Ball 2-1: Ball 3-1: SINGLE (Groundball, 56) (infield hit) Andy Roarick to second
|
Batting: RHB Juan Jose Rangel
|
0-0: Foul Ball, location: 2F 0-1: SINGLE (Flyball, 8RS) Andy Roarick to third José Torres to second Runner from 3rd tries for Home, SAFE, throw made home
|
Batting: RHB Mario Truxillo
|
0-0: DOUBLE (Flyball, 8RD) José Torres scores Juan Jose Rangel to third
|
Batting: RHB Jon Hall
|
0-0: Called Strike 0-1: Called Strike 0-2: Ball 1-2: Fly out, F7 (Flyball, 7S)
|
Batting: RHB José Hernández
|
0-0: Ball 1-0: Called Strike 1-1: SINGLE (Groundball, 4S) (infield hit) Juan Jose Rangel scores Mario Truxillo to third
|
Batting: RHB Jihan Tuah
|
0-0: Called Strike 0-1: Foul Ball, location: 2F 0-2: SINGLE (Groundball, 56D) Mario Truxillo scores José Hernández to second
|
Batting: RHB Bobby McFillin
|
0-0: DOUBLE (Groundball, 5L) José Hernández scores Jihan Tuah to third
|
Batting: RHB Gabriel Camparán
|
0-0: DOUBLE (Line Drive, 8LD) Jihan Tuah scores Bobby McFillin scores
|
Batting: RHB Andy Roarick
|
0-0: Ball 1-0: Fly out, F9 (Flyball, 9LMF)
|
Batting: RHB José Torres
|
0-0: SINGLE (Groundball, 4MD) Gabriel Camparán to third Runner from 3rd tries for Home, SAFE, no throw
|
Batting: RHB Juan Jose Rangel
|
0-0: Swinging Strike 0-1: Ball 1-1: Ball 2-1: Foul Ball, location: 2F 2-2: Ball 3-2: Fly out, F6 (Popup, 6MS)
|
Bottom of the 2nd over - 8 runs, 9 hits, 0 errors, 1 left on base; Hammond 3 - Athletic Club KC 10 |
TOP OF THE 3RD |
Hammond Herons batting - Pitching for Athletic Club KC U-21 : RHP Tetsunori Ikarashi
|
Batting: RHB Marvin Overbeek
|
0-0: Called Strike 0-1: DOUBLE (Line Drive, 78D)
|
Batting: RHB José Álvarez
|
0-0: Called Strike Marvin Overbeek is caught stealing 3rd base 0-1: Ball 1-1: Ground out 6-3 (Groundball, 6)
|
Batting: RHB Tonito Lamoste
|
0-0: Called Strike 0-1: Ball 1-1: Ball 2-1: Swinging Strike 2-2: Strikes out swinging
|
Top of the 3rd over - 0 runs, 1 hit, 0 errors, 0 left on base; Hammond 3 - Athletic Club KC 10 |
BOTTOM OF THE 3RD |
Athletic Club KC U-21 batting - Pitching for Hammond Herons : LHP Tom Hegedus
|
Batting: RHB Mario Truxillo
|
0-0: Called Strike 0-1: Foul Ball, location: 2F 0-2: Ground out 5-3 (Groundball, 5)
|
Batting: RHB Jon Hall
|
0-0: Ball 1-0: Fly out, F8 (Flyball, 8LS)
|
Batting: RHB José Hernández
|
0-0: Ball 1-0: Ball 2-0: Foul Ball, location: 2F 2-1: Called Strike 2-2: Foul Ball, location: 2F 2-2: Ball 3-2: Ground out 6-3 (Groundball, 56D)
|
Bottom of the 3rd over - 0 runs, 0 hits, 0 errors, 0 left on base; Hammond 3 - Athletic Club KC 10 |
TOP OF THE 4TH |
Hammond Herons batting - Pitching for Athletic Club KC U-21 : RHP Tetsunori Ikarashi
|
Batting: RHB Ju-wei Huang
|
0-0: DOUBLE (Groundball, 3L)
|
Batting: RHB Rob Brooks
|
0-0: Called Strike 0-1: Swinging Strike 0-2: Ball 1-2: Foul Ball, location: 2F 1-2: Foul Ball, location: 2F 1-2: Foul Ball, location: 2F 1-2: Ball 2-2: Foul Ball, location: 2F 2-2: Strikes out swinging
|
Batting: RHB Jen-ta Men
|
0-0: Foul Ball, location: 2F 0-1: Called Strike 0-2: Foul Ball, location: 2F 0-2: Strikes out looking
|
Batting: RHB José Pacheco
|
0-0: Called Strike 0-1: Swinging Strike 0-2: Ball 1-2: Strikes out swinging
|
Top of the 4th over - 0 runs, 1 hit, 0 errors, 1 left on base; Hammond 3 - Athletic Club KC 10 |
BOTTOM OF THE 4TH |
Athletic Club KC U-21 batting - Pitching for Hammond Herons : LHP Tom Hegedus
|
Batting: RHB Jihan Tuah
|
0-0: Hit by Pitch
|
Batting: RHB Bobby McFillin
|
0-0: Fly out, F8 (Flyball, 8RM)
|
Batting: RHB Gabriel Camparán
|
0-0: SINGLE (Line Drive, 3D) Jihan Tuah to second Runner from 2nd tries for 3rd, SAFE, no throw
|
Batting: RHB Andy Roarick
|
0-0: Called Strike 0-1: Ball 1-1: Ball 2-1: Fly out, F8 (Flyball, 89M) Runner from 3rd tags up, SCORES, no throw
|
Batting: RHB José Torres
|
0-0: Ball 1-0: Ball 2-0: Called Strike 2-1: Swinging Strike 2-2: Foul Ball, location: 2F 2-2: Foul Ball, location: 2F 2-2: Ground out 5-3 (Groundball, 56)
|
Bottom of the 4th over - 1 run, 1 hit, 0 errors, 1 left on base; Hammond 3 - Athletic Club KC 11 |
TOP OF THE 5TH |
Hammond Herons batting - Pitching for Athletic Club KC U-21 : RHP Tetsunori Ikarashi
|
Batting: RHB Sun Kwan
|
0-0: Called Strike 0-1: Ball 1-1: Foul Ball, location: 2F 1-2: Foul Ball, location: 2F 1-2: Strikes out swinging
|
Batting: RHB Dallas Jiménez
|
0-0: Ball 1-0: Called Strike 1-1: Fly out, F5 (Line Drive, 56)
|
Batting: RHB Marvin Overbeek
|
0-0: Ball 1-0: Fly out, F8 (Line Drive, 8LS)
|
Top of the 5th over - 0 runs, 0 hits, 0 errors, 0 left on base; Hammond 3 - Athletic Club KC 11 |
BOTTOM OF THE 5TH |
Athletic Club KC U-21 batting - Pitching for Hammond Herons : LHP Tom Hegedus
|
Batting: RHB Juan Jose Rangel
|
0-0: Foul Ball, location: 2F 0-1: Reached on error, E5 (Groundball, 5)
|
Batting: RHB Mario Truxillo
|
0-0: Fielders Choice at 2nd, 1-6 (Groundball, 13S)
|
Batting: RHB Jon Hall
|
0-0: Called Strike 0-1: Foul Ball, location: 2F 0-2: Ball 1-2: Ball Mario Truxillo steals 2nd base 2-2: Foul Ball, location: 2F 2-2: Strikes out swinging
|
Batting: RHB José Hernández
|
0-0: Swinging Strike 0-1: SINGLE (Groundball, 34D) Mario Truxillo to third Runner from 3rd tries for Home, SAFE, throw made home
|
Batting: RHB Jihan Tuah
|
0-0: Ball 1-0: Ball 2-0: SINGLE (Groundball, 6MD) José Hernández to second Runner from 2nd tries for 3rd, SAFE, throw made to third
|
Batting: RHB Bobby McFillin
|
0-0: Ball 1-0: DOUBLE (Line Drive, 78D) José Hernández scores Jihan Tuah to third Runner from 3rd tries for Home, SAFE, no throw
|
Batting: RHB Gabriel Camparán
|
0-0: Ball 1-0: Called Strike 1-1: Ground out 6-3 (Groundball, 6M)
|
Bottom of the 5th over - 3 runs, 3 hits, 1 error, 1 left on base; Hammond 3 - Athletic Club KC 14 |
TOP OF THE 6TH |
Hammond Herons batting - Pitching for Athletic Club KC U-21 : RHP Tetsunori Ikarashi
|
Batting: RHB José Álvarez
|
0-0: Ball 1-0: Swinging Strike 1-1: Ball 2-1: Called Strike 2-2: Strikes out swinging
|
Batting: RHB Tonito Lamoste
|
0-0: Ground out 5-3 (Groundball, 56S)
|
Batting: RHB Ju-wei Huang
|
0-0: Swinging Strike 0-1: Foul Ball, location: 2F 0-2: Ball 1-2: Ball 2-2: Fly out, F7 (Flyball, 7)
|
Top of the 6th over - 0 runs, 0 hits, 0 errors, 0 left on base; Hammond 3 - Athletic Club KC 14 |
BOTTOM OF THE 6TH |
Athletic Club KC U-21 batting - Pitching for Hammond Herons : LHP Tom Hegedus
|
Batting: RHB Andy Roarick
|
0-0: Called Strike 0-1: Ball 1-1: Foul Ball, location: 2F 1-2: Ball 2-2: SINGLE (Line Drive, 6MD)
|
Pitching: RHP Marvin Miranda
|
|
Batting: RHB José Torres
|
0-0: Grounds into double play, 6-4-3 (Groundball, 6)
|
Batting: RHB Juan Jose Rangel
|
0-0: Ground out 6-3 (Groundball, 6)
|
Bottom of the 6th over - 0 runs, 1 hit, 0 errors, 0 left on base; Hammond 3 - Athletic Club KC 14 |
TOP OF THE 7TH |
Hammond Herons batting - Pitching for Athletic Club KC U-21 : RHP Tetsunori Ikarashi
|
Pitching: RHP Roberto Martínez
|
|
Now at 2B: Bing-zhong Wu
|
|
Batting: RHB Rob Brooks
|
0-0: Called Strike 0-1: Ball 1-1: SINGLE (Flyball, 7LM)
|
Batting: RHB Jen-ta Men
|
0-0: Ball 1-0: Called Strike 1-1: Swinging Strike 1-2: Foul Ball, location: 2F 1-2: Strikes out swinging
|
Batting: RHB José Pacheco
|
0-0: Foul Ball, location: 2F 0-1: Called Strike 0-2: Foul Ball, location: 2F 0-2: Ball 1-2: Foul Ball, location: 2F 1-2: Fly out, F4 (Line Drive, 4M)
|
Batting: RHB Sun Kwan
|
0-0: Foul Ball, location: 2F 0-1: Ball 1-1: Swinging Strike 1-2: Foul Ball, location: 2F 1-2: Strikes out looking
|
Top of the 7th over - 0 runs, 1 hit, 0 errors, 1 left on base; Hammond 3 - Athletic Club KC 14 |
BOTTOM OF THE 7TH |
Athletic Club KC U-21 batting - Pitching for Hammond Herons : RHP Marvin Miranda
|
Batting: RHB Mario Truxillo
|
0-0: Ball 1-0: Ball 2-0: Foul Ball, location: 2F 2-1: Ball 3-1: Called Strike 3-2: SINGLE (Line Drive, 8LS)
|
Batting: RHB Jon Hall
|
0-0: Ball 1-0: Ball 2-0: Ball 3-0: Called Strike 3-1: Called Strike 3-2: Foul Ball, location: 2F 3-2: Base on Balls Mario Truxillo to second
|
Batting: RHB José Hernández
|
0-0: Ball 1-0: Ball 2-0: Grounds into double play, 5-4-3 (Groundball, 56) Mario Truxillo to third
|
Batting: RHB Jihan Tuah
|
0-0: Swinging Strike 0-1: Ball 1-1: Fly out, F8 (Flyball, 8RM)
|
Bottom of the 7th over - 0 runs, 1 hit, 0 errors, 1 left on base; Hammond 3 - Athletic Club KC 14 |
TOP OF THE 8TH |
Hammond Herons batting - Pitching for Athletic Club KC U-21 : RHP Roberto Martínez
|
Now at C: José García
|
|
Batting: RHB Dallas Jiménez
|
0-0: Ball 1-0: Fly out, F8 (Flyball, 8RD)
|
Batting: RHB Marvin Overbeek
|
0-0: Swinging Strike 0-1: Ball 1-1: Ball 2-1: Ball 3-1: Called Strike 3-2: Base on Balls
|
Batting: RHB José Álvarez
|
0-0: Ball 1-0: Called Strike 1-1: Called Strike 1-2: Fielders Choice at 2nd, 5-4 (Groundball, 56)
|
Batting: RHB Tonito Lamoste
|
0-0: Ball 1-0: Foul Ball, location: 2F 1-1: Ball 2-1: SINGLE (Groundball, 56D) José Álvarez to second
|
Batting: RHB Ju-wei Huang
|
0-0: Ball 1-0: Called Strike 1-1: Foul Ball, location: 2F 1-2: Ball 2-2: Strikes out looking
|
Top of the 8th over - 0 runs, 1 hit, 0 errors, 2 left on base; Hammond 3 - Athletic Club KC 14 |
BOTTOM OF THE 8TH |
Athletic Club KC U-21 batting - Pitching for Hammond Herons : RHP Marvin Miranda
|
Batting: SHB José García
|
0-0: SINGLE (Groundball, 3D)
|
Batting: RHB Bing-zhong Wu
|
0-0: Ball 1-0: Swinging Strike 1-1: Swinging Strike 1-2: SINGLE (Line Drive, 5D) José García to second
|
Batting: RHB Andy Roarick
|
0-0: Ball 1-0: Foul Ball, location: 2F 1-1: Foul Ball, location: 2F 1-2: Ball 2-2: Ball 3-2: Foul Ball, location: 2F 3-2: Foul Ball, location: 2F 3-2: SINGLE (Groundball, 34) (infield hit) José García to third Bing-zhong Wu to second
|
Batting: RHB José Torres
|
0-0: Fly out, F3 (Line Drive, 3)
|
Batting: RHB Juan Jose Rangel
|
0-0: Called Strike 0-1: Foul Ball, location: 2F 0-2: Foul Ball, location: 2F 0-2: Ball 1-2: Ball 2-2: Foul Ball, location: 2F 2-2: Strikes out looking
|
Batting: RHB Mario Truxillo
|
0-0: Ball 1-0: Foul Ball, location: 2F 1-1: Ball 2-1: SINGLE (Line Drive, 6D) José García scores Bing-zhong Wu to third Andy Roarick to second
|
Batting: RHB Jon Hall
|
0-0: Ball 1-0: Called Strike 1-1: Swinging Strike 1-2: Ball 2-2: Strikes out swinging
|
Bottom of the 8th over - 1 run, 4 hits, 0 errors, 3 left on base; Hammond 3 - Athletic Club KC 15 |
TOP OF THE 9TH |
Hammond Herons batting - Pitching for Athletic Club KC U-21 : RHP Roberto Martínez
|
Batting: RHB Rob Brooks
|
0-0: Ball 1-0: Called Strike 1-1: Ball 2-1: Fly out, F9 (Flyball, 9S)
|
Batting: RHB Jen-ta Men
|
0-0: Foul Ball, location: 2F 0-1: Foul Ball, location: 2F 0-2: Ball 1-2: Ball 2-2: Foul Ball, location: 2F 2-2: Foul Ball, location: 2F 2-2: Strikes out swinging
|
Batting: RHB José Pacheco
|
0-0: Ball 1-0: Ball 2-0: Ground out 5-3 (Groundball, 56S)
|
Top of the 9th over - 0 runs, 0 hits, 0 errors, 0 left on base; Hammond 3 - Athletic Club KC 15 |
|